Bruins vs Panthers

Created - March 12, 2024 at 11:07

Goals
1 2 3 OT1 T
Bruins 1 1 2 0 4
Panthers 3 0 1 1 5
Shots
1 2 3 OT1 T
Bruins 7 11 8 2 28
Panthers 14 20 11 1 46

GoalsPenalties
1st period
1. Panthers , Oliver Ekman-Larsson 6 (Reilly Smith 24, Mike Matheson 35) at 0:32
2. Panthers , Jack Hughes 20 (Charlie McAvoy 45, Aleksander Barkov 41) at 3:56
3. Bruins , Nicolas Roy 9 (Tom Wilson 26, Cam Fowler 37) at 5:28 (PP)
4. Panthers , Mikael Backlund 10 (Charlie McAvoy 46, Quinn Hughes 58) at 17:15
Brady Tkachuk (FLA) for Roughing (Minor) at 4:48
Charlie McAvoy (FLA) for Tripping (Minor) at 9:30
2nd period
5. Bruins , Charlie Coyle 10 (Brandon Saad 26, Brett Pesce 29) at 7:16
Tom Wilson (BOS) for Tripping (Minor) at 9:28
Brady Skjei (BOS) for Hooking (Minor) at 12:03
Nicolas Roy (BOS) for Hooking (Minor) at 16:17
Andrei Svechnikov (FLA) for High sticking (Minor) at 19:37
3rd period
6. Bruins , Andrew Mangiapane 15 (Cam Fowler 38, Tom Wilson 27) at 11:14 (PP)
7. Bruins , Yegor Sharangovich 18 (Jimmy Vesey 1, Jake Oettinger) at 17:38
8. Panthers , Jack Hughes 21 (Aleksander Barkov 42, Brady Tkachuk 16) at 19:11
Zach Parise (BOS) for Roughing (Minor) at 5:02
Oliver Ekman-Larsson (FLA) for Holding (Minor) at 9:58
Charlie McAvoy (FLA) for Hooking (Minor) at 13:23
Andrei Svechnikov (FLA) for Holding (Minor) at 15:29
Overtime #1
9. Panthers , Jack Hughes 22 (Andrei Svechnikov 27, Quinn Hughes 59) at 2:05
No Penalty
Goalie Stats
Jake Oettinger (BOS), 41 saves from 46 shots - (0.891), OTL, 31-12-10, 62:06 minutes
Alexandar Georgiev (FLA), 24 saves from 28 shots - (0.857), W, 43-14-4, 61:56 minutes
3 StarsOfficial
1 - Jack Hughes (FLA)
2 - Quinn Hughes (FLA)
3 - Mikael Backlund (FLA)
Referees : Brian Pochmara and Steve Kozari
Linesman : Tyson Baker and Scott Cherrey
Game Note
Jack Hughes has scored a Hat Trick!
Finance
Level 1 -- Attendance: 5754 (95.90%) -- Ticket Income $690,480
Level 2 -- Attendance: 5000 (100.00%) -- Ticket Income $465,000
Level 3 -- Attendance: 3113 (88.94%) -- Ticket Income $211,684
Level 4 -- Attendance: 2545 (67.87%) -- Ticket Income $109,435
Luxury Box -- Attendance: 885 (88.50%) -- Ticket Income $203,550
Game was played at the BBT Center.
Total Attendance: 17297 (89.85%)
Total Ticket Income: $1,680,149
Other Income: $420,037
Total Income: $2,100,186



Team Name Goals Shots Shots Attemp Shots Blocked PIM HIT PP PK FO%
Bruins 4285678192 / 6 (33%)044%
Panthers 546681312250 / 4 (0%)256%

Bruins
Player Name POS G A P +/- PIM HIT SHT SB MP PP MP PP SHT PK MP PK SHT FO% FOT
Andrew MangiapaneLW1010003018:444:0910:240100% 1
Brady SkjeiD0000221121:205:1810:0000% 0
Brandon SaadLW011-1003018:365:0500:0000% 0
Brett PesceD0110012018:290:4904:2100% 0
Bryan RustRW000-1002120:014:5410:0000% 1
Cam FowlerD022-1011019:343:4500:0000% 0
Charlie CoyleC101-1003018:510:0004:54043% 40
Dmitry KulikovD0000000113:244:3400:0000% 0
Jamie OleksiakD000004018:500:0004:2100% 0
Jimmy VeseyLW011001008:020:3801:1000% 1
Mark GiordanoD000-2020117:350:0003:3500% 0
Nick PaulLW000000009:160:0003:02044% 9
Nicolas RoyC101-1203113:574:5820:00045% 20
T.J. BrodieD000-2022022:535:1803:3500% 0
Tom WilsonRW022-1231017:444:5800:00050% 2
Trevor ZegrasC0000021020:154:5400:00048% 23
Yegor SharangovichC101-2015119:440:0004:18033% 3
Zach PariseLW000-1201011:030:0002:0400% 0
Panthers
Player Name POS G A P +/- PIM HIT SHT SB MP PP MP PP SHT PK MP PK SHT FO% FOT
Aleksander BarkovC0221003015:150:0000:01070% 23
Andrei SvechnikovRW0110485019:564:1110:0000% 0
Brady TkachukLW0111233017:053:4510:01033% 3
Charlie McAvoyD0222421425:043:3612:5800% 0
Frederick GaudreauC000100109:490:0005:5800% 1
Jack HughesC3032004017:173:4510:000100% 2
Jake SandersonD0000020119:090:0004:5200% 0
Jamie BennLW000100009:260:0000:0000% 0
Jeff CarterC0001023117:304:1123:53063% 27
Matthew TkachukLW000-1006121:404:1120:0000% 1
Mikael BacklundC101102109:490:0005:58045% 11
Mike MathesonD0110014115:374:2030:0000% 0
Oliver Ekman-LarssonD1010222013:180:0002:0200% 0
Owen PowerD0000032223:234:2024:4600% 0
Quinn HughesD0223002325:323:3625:0600% 0
Reilly SmithRW0111006013:190:0003:5310% 1
Robby FabbriC000100003:510:0000:0000% 0
Roope HintzC000-1003019:203:4510:00048% 31



Play-by-Play

1st period


0:01 of 1st period - Roope Hintz wins face-off versus Trevor Zegras in neutral zone.
0:12 of 1st period - Shot by Matthew Tkachuk.
0:12 of 1st period - Stopped by Jake Oettinger without a rebound.
0:13 of 1st period - Aleksander Barkov wins face-off versus Charlie Coyle in Bruins zone.
0:18 of 1st period - Shot by Brady Tkachuk.
0:18 of 1st period - Stopped by Jake Oettinger without a rebound.
0:19 of 1st period - Jeff Carter wins face-off versus Nicolas Roy in Bruins zone.
0:30 of 1st period - Shot by Reilly Smith.
0:30 of 1st period - Stopped by Jake Oettinger with a rebound.
0:32 of 1st period - Shot by Oliver Ekman-Larsson.
0:32 of 1st period - Goal by Oliver Ekman-Larsson - Bruins : 0 - Panthers : 1.
0:33 of 1st period - Aleksander Barkov wins face-off versus Charlie Coyle in neutral zone.
1:02 of 1st period - Icing by Mark Giordano.
1:03 of 1st period - Charlie Coyle wins face-off versus Roope Hintz in Bruins zone.
1:03 of 1st period - Charlie Coyle is hit by Andrei Svechnikov.
1:53 of 1st period - Icing by Charlie McAvoy.
1:54 of 1st period - Trevor Zegras wins face-off versus Roope Hintz in Panthers zone.
2:26 of 1st period - Jake Sanderson is hit by Trevor Zegras and loses puck.
3:50 of 1st period - Shot by Reilly Smith.
3:50 of 1st period - Stopped by Jake Oettinger without a rebound.
3:51 of 1st period - Aleksander Barkov wins face-off versus Charlie Coyle in Bruins zone.
3:56 of 1st period - Shot by Jack Hughes.
3:56 of 1st period - Goal by Jack Hughes - Bruins : 0 - Panthers : 2.
3:57 of 1st period - Nick Paul wins face-off versus Aleksander Barkov in neutral zone.
4:30 of 1st period - Jimmy Vesey is hit by Charlie McAvoy and loses puck.
4:48 of 1st period - Minor Penalty to Brady Tkachuk for Roughing.
4:49 of 1st period - Mikael Backlund wins face-off versus Nicolas Roy in Panthers zone.
5:01 of 1st period - Off-side.
5:02 of 1st period - Trevor Zegras wins face-off versus Mikael Backlund in neutral zone.
5:02 of 1st period - Trevor Zegras is hit by Mikael Backlund.
5:12 of 1st period - Shot by Bryan Rust.
5:12 of 1st period - Stopped by Alexandar Georgiev without a rebound.
5:13 of 1st period - Nicolas Roy wins face-off versus Mikael Backlund in Panthers zone.
5:26 of 1st period - Shot by Nicolas Roy.
5:26 of 1st period - Shot Blocked by Charlie McAvoy.
5:28 of 1st period - Shot by Nicolas Roy.
5:28 of 1st period - Goal by Nicolas Roy - Bruins : 1 - Panthers : 2.
5:29 of 1st period - Nick Paul wins face-off versus Roope Hintz in neutral zone.
5:29 of 1st period - Nick Paul is hit by Andrei Svechnikov.
5:38 of 1st period - Jimmy Vesey is hit by Owen Power and loses puck.
6:41 of 1st period - Shot by Aleksander Barkov.
6:41 of 1st period - Stopped by Jake Oettinger with a rebound.
7:16 of 1st period - Shot by Jeff Carter.
7:16 of 1st period - Shot Misses the Net.
7:22 of 1st period - Shot by Reilly Smith.
7:22 of 1st period - Shot Misses the Net.
7:32 of 1st period - Shot by Oliver Ekman-Larsson.
7:32 of 1st period - Stopped by Jake Oettinger with a rebound.
7:34 of 1st period - Shot by Mike Matheson.
7:34 of 1st period - Stopped by Jake Oettinger without a rebound.
7:35 of 1st period - Mikael Backlund wins face-off versus Charlie Coyle in Bruins zone.
8:02 of 1st period - Shot by Frederick Gaudreau.
8:02 of 1st period - Stopped by Jake Oettinger without a rebound.
8:03 of 1st period - Trevor Zegras wins face-off versus Roope Hintz in Bruins zone.
8:56 of 1st period - Icing by Brady Skjei.
8:57 of 1st period - Jeff Carter wins face-off versus Trevor Zegras in Bruins zone.
9:30 of 1st period - Minor Penalty to Charlie McAvoy for Tripping.
9:31 of 1st period - Mikael Backlund wins face-off versus Nicolas Roy in Panthers zone.
9:56 of 1st period - Mikael Backlund is hit by Tom Wilson and loses puck.
10:12 of 1st period - Tom Wilson is hit by Jake Sanderson and loses puck.
10:32 of 1st period - Brady Skjei is hit by Jeff Carter.
11:45 of 1st period - Off-side.
11:46 of 1st period - Nick Paul wins face-off versus Aleksander Barkov in neutral zone.
11:49 of 1st period - Shot by T.J. Brodie.
11:49 of 1st period - Shot Misses the Net.
11:51 of 1st period - Shot by Yegor Sharangovich.
11:51 of 1st period - Shot Misses the Net.
12:31 of 1st period - Icing by Charlie McAvoy.
12:32 of 1st period - Trevor Zegras wins face-off versus Aleksander Barkov in Panthers zone.
13:32 of 1st period - Icing by Jake Sanderson.
13:33 of 1st period - Roope Hintz wins face-off versus Nicolas Roy in Panthers zone.
13:35 of 1st period - Icing by Matthew Tkachuk.
13:36 of 1st period - Nicolas Roy wins face-off versus Matthew Tkachuk in Panthers zone.
13:45 of 1st period - Shot by Yegor Sharangovich.
13:45 of 1st period - Stopped by Alexandar Georgiev with a rebound.
13:57 of 1st period - Shot by Nicolas Roy.
13:57 of 1st period - Stopped by Alexandar Georgiev with a rebound.
13:59 of 1st period - Shot by Zach Parise.
13:59 of 1st period - Deflect By Yegor Sharangovich.
13:59 of 1st period - Shot Blocked by Jake Sanderson.
14:01 of 1st period - Shot by Brett Pesce.
14:01 of 1st period - Stopped by Alexandar Georgiev without a rebound.
14:02 of 1st period - Charlie Coyle wins face-off versus Jeff Carter in Panthers zone.
14:03 of 1st period - Shot by Brandon Saad.
14:03 of 1st period - Stopped by Alexandar Georgiev without a rebound.
14:04 of 1st period - Jeff Carter wins face-off versus Charlie Coyle in Panthers zone.
14:04 of 1st period - Jeff Carter is hit by Tom Wilson.
16:40 of 1st period - Shot by Andrei Svechnikov.
16:40 of 1st period - Stopped by Jake Oettinger with a rebound.
16:42 of 1st period - Shot by Roope Hintz.
16:42 of 1st period - Stopped by Jake Oettinger with a rebound.
17:09 of 1st period - Shot by Reilly Smith.
17:09 of 1st period - Stopped by Jake Oettinger without a rebound.
17:10 of 1st period - Mikael Backlund wins face-off versus Jimmy Vesey in Bruins zone.
17:15 of 1st period - Shot by Mikael Backlund.
17:15 of 1st period - Goal by Mikael Backlund - Bruins : 1 - Panthers : 3.
17:16 of 1st period - Nick Paul wins face-off versus Mikael Backlund in neutral zone.
17:51 of 1st period - Mike Matheson is hit by Jimmy Vesey.
18:18 of 1st period - Off-side.
18:19 of 1st period - Charlie Coyle wins face-off versus Roope Hintz in neutral zone.
18:29 of 1st period - Icing by Owen Power.
18:30 of 1st period - Trevor Zegras wins face-off versus Roope Hintz in Panthers zone.
18:36 of 1st period - Icing by Owen Power.
18:37 of 1st period - Charlie Coyle wins face-off versus Roope Hintz in Panthers zone.
19:13 of 1st period - Andrei Svechnikov is hit by Cam Fowler and loses puck.
19:22 of 1st period - Icing by Jake Sanderson.
19:23 of 1st period - Nicolas Roy wins face-off versus Roope Hintz in Panthers zone.
19:26 of 1st period - Shot by Yegor Sharangovich.
19:26 of 1st period - Shot Misses the Net.
19:28 of 1st period - Shot by Yegor Sharangovich.
19:28 of 1st period - Stopped by Alexandar Georgiev without a rebound.
19:29 of 1st period - Aleksander Barkov wins face-off versus Nicolas Roy in Panthers zone.
Goals for this period are 1 for Bruins vs 3 for Panthers.
Shots for this period are 7 for Bruins vs 14 for Panthers.

2nd period


0:01 of 2nd period - Nicolas Roy wins face-off versus Roope Hintz in neutral zone.
0:15 of 2nd period - Brett Pesce is hit by Andrei Svechnikov and loses puck.
1:02 of 2nd period - Jake Sanderson is hit by Brett Pesce and loses puck.
1:14 of 2nd period - Off-side.
1:15 of 2nd period - Trevor Zegras wins face-off versus Reilly Smith in neutral zone.
1:27 of 2nd period - Icing by Jeff Carter.
1:28 of 2nd period - Jeff Carter wins face-off versus Charlie Coyle in Panthers zone.
1:42 of 2nd period - Reilly Smith is hit by Brady Skjei and loses puck.
1:48 of 2nd period - Icing by Brady Skjei.
1:49 of 2nd period - Roope Hintz wins face-off versus Charlie Coyle in Bruins zone.
2:02 of 2nd period - Icing by Brady Skjei.
2:03 of 2nd period - Charlie Coyle wins face-off versus Aleksander Barkov in Bruins zone.
2:30 of 2nd period - Icing by Brady Skjei.
2:31 of 2nd period - Roope Hintz wins face-off versus Charlie Coyle in Bruins zone.
3:13 of 2nd period - Shot by Matthew Tkachuk.
3:13 of 2nd period - Stopped by Jake Oettinger with a rebound.
3:15 of 2nd period - Shot by Roope Hintz.
3:15 of 2nd period - Deflect By Andrei Svechnikov.
3:15 of 2nd period - Stopped by Jake Oettinger without a rebound.
3:16 of 2nd period - Aleksander Barkov wins face-off versus Trevor Zegras in Bruins zone.
3:33 of 2nd period - Shot by Trevor Zegras.
3:33 of 2nd period - Stopped by Alexandar Georgiev with a rebound.
3:49 of 2nd period - Shot by Andrew Mangiapane.
3:49 of 2nd period - Shot Misses the Net.
3:53 of 2nd period - Shot by Andrew Mangiapane.
3:53 of 2nd period - Stopped by Alexandar Georgiev without a rebound.
3:54 of 2nd period - Nicolas Roy wins face-off versus Jeff Carter in Panthers zone.
3:54 of 2nd period - Zach Parise is hit by Oliver Ekman-Larsson and loses puck.
4:25 of 2nd period - Shot by Zach Parise.
4:25 of 2nd period - Deflect By Yegor Sharangovich.
4:25 of 2nd period - Shot Misses the Net.
4:27 of 2nd period - Shot by Yegor Sharangovich.
4:27 of 2nd period - Shot Misses the Net.
4:29 of 2nd period - Shot by Zach Parise.
4:29 of 2nd period - Shot Blocked by Mike Matheson.
4:31 of 2nd period - Shot by Yegor Sharangovich.
4:31 of 2nd period - Stopped by Alexandar Georgiev without a rebound.
4:32 of 2nd period - Trevor Zegras wins face-off versus Roope Hintz in Panthers zone.
4:58 of 2nd period - Shot by T.J. Brodie.
4:58 of 2nd period - Deflect By Bryan Rust.
4:58 of 2nd period - Shot Misses the Net.
5:08 of 2nd period - Shot by T.J. Brodie.
5:08 of 2nd period - Stopped by Alexandar Georgiev with a rebound.
5:10 of 2nd period - Shot by Andrew Mangiapane.
5:10 of 2nd period - Stopped by Alexandar Georgiev without a rebound.
5:11 of 2nd period - Aleksander Barkov wins face-off versus Charlie Coyle in Panthers zone.
5:26 of 2nd period - Shot by Aleksander Barkov.
5:26 of 2nd period - Shot Blocked by Dmitry Kulikov.
5:36 of 2nd period - Shot by Tom Wilson.
5:36 of 2nd period - Deflect By Charlie Coyle.
5:36 of 2nd period - Stopped by Alexandar Georgiev without a rebound.
5:37 of 2nd period - Nicolas Roy wins face-off versus Jeff Carter in Panthers zone.
5:42 of 2nd period - Shot by Yegor Sharangovich.
5:42 of 2nd period - Shot Misses the Net.
6:09 of 2nd period - Shot by Jeff Carter.
6:09 of 2nd period - Stopped by Jake Oettinger without a rebound.
6:10 of 2nd period - Roope Hintz wins face-off versus Trevor Zegras in Bruins zone.
7:05 of 2nd period - Roope Hintz is hit by Tom Wilson and loses puck.
7:14 of 2nd period - Shot by Brandon Saad.
7:14 of 2nd period - Shot Blocked by Owen Power.
7:16 of 2nd period - Shot by Charlie Coyle.
7:16 of 2nd period - Goal by Charlie Coyle - Bruins : 2 - Panthers : 3.
7:17 of 2nd period - Nicolas Roy wins face-off versus Aleksander Barkov in neutral zone.
7:24 of 2nd period - Shot by Zach Parise.
7:24 of 2nd period - Stopped by Alexandar Georgiev without a rebound.
7:25 of 2nd period - Charlie Coyle wins face-off versus Brady Tkachuk in Panthers zone.
7:34 of 2nd period - Shot by Tom Wilson.
7:34 of 2nd period - Shot Blocked by Quinn Hughes.
7:36 of 2nd period - Shot by Brett Pesce.
7:36 of 2nd period - Shot Blocked by Charlie McAvoy.
7:38 of 2nd period - Shot by Brandon Saad.
7:38 of 2nd period - Shot Blocked by Quinn Hughes.
7:40 of 2nd period - Shot by Charlie Coyle.
7:40 of 2nd period - Shot Misses the Net.
7:42 of 2nd period - Shot by Brandon Saad.
7:42 of 2nd period - Stopped by Alexandar Georgiev without a rebound.
7:43 of 2nd period - Trevor Zegras wins face-off versus Jeff Carter in Panthers zone.
7:45 of 2nd period - Andrew Mangiapane is hit by Mike Matheson and loses puck.
7:58 of 2nd period - Shot by Reilly Smith.
7:58 of 2nd period - Stopped by Jake Oettinger without a rebound.
7:59 of 2nd period - Charlie Coyle wins face-off versus Brady Tkachuk in Bruins zone.
8:06 of 2nd period - Shot by Charlie Coyle.
8:06 of 2nd period - Deflect By Tom Wilson.
8:06 of 2nd period - Shot Misses the Net.
8:08 of 2nd period - Shot by Cam Fowler.
8:08 of 2nd period - Stopped by Alexandar Georgiev without a rebound.
8:09 of 2nd period - Roope Hintz wins face-off versus Trevor Zegras in Panthers zone.
8:17 of 2nd period - Off-side.
8:18 of 2nd period - Aleksander Barkov wins face-off versus Trevor Zegras in neutral zone.
8:33 of 2nd period - Shot by Aleksander Barkov.
8:33 of 2nd period - Shot Blocked by Mark Giordano.
8:41 of 2nd period - Shot by Aleksander Barkov.
8:41 of 2nd period - Shot Misses the Net.
9:28 of 2nd period - Minor Penalty to Tom Wilson for Tripping.
9:29 of 2nd period - Jeff Carter wins face-off versus Charlie Coyle in Bruins zone.
9:30 of 2nd period - Shot by Matthew Tkachuk.
9:30 of 2nd period - Shot Misses the Net.
9:32 of 2nd period - Shot by Jeff Carter.
9:32 of 2nd period - Deflect By Matthew Tkachuk.
9:32 of 2nd period - Shot Hit the Post.
9:34 of 2nd period - Shot by Jeff Carter.
9:34 of 2nd period - Stopped by Jake Oettinger without a rebound.
9:35 of 2nd period - Jeff Carter wins face-off versus Charlie Coyle in Bruins zone.
9:40 of 2nd period - Shot by Jeff Carter.
9:40 of 2nd period - Shot Hit the Post.
9:42 of 2nd period - Shot by Owen Power.
9:42 of 2nd period - Stopped by Jake Oettinger without a rebound.
9:43 of 2nd period - Jeff Carter wins face-off versus Charlie Coyle in Bruins zone.
10:01 of 2nd period - Shot by Matthew Tkachuk.
10:01 of 2nd period - Stopped by Jake Oettinger without a rebound.
10:02 of 2nd period - Charlie Coyle wins face-off versus Roope Hintz in Bruins zone.
10:43 of 2nd period - Shot by Quinn Hughes.
10:43 of 2nd period - Stopped by Jake Oettinger without a rebound.
10:44 of 2nd period - Jeff Carter wins face-off versus Charlie Coyle in Bruins zone.
12:02 of 2nd period - Icing by Bryan Rust.
12:03 of 2nd period - Aleksander Barkov wins face-off versus Bryan Rust in Bruins zone.
12:03 of 2nd period - Minor Penalty to Brady Skjei for Hooking.
12:04 of 2nd period - Brady Tkachuk wins face-off versus Nick Paul in Bruins zone.
12:05 of 2nd period - Shot by Mike Matheson.
12:05 of 2nd period - Stopped by Jake Oettinger without a rebound.
12:06 of 2nd period - Jeff Carter wins face-off versus Charlie Coyle in Bruins zone.
12:16 of 2nd period - Matthew Tkachuk is hit by Jamie Oleksiak and loses puck.
12:40 of 2nd period - Shot by Andrei Svechnikov.
12:40 of 2nd period - Stopped by Jake Oettinger without a rebound.
12:41 of 2nd period - Roope Hintz wins face-off versus Nick Paul in Bruins zone.
12:41 of 2nd period - Quinn Hughes is hit by T.J. Brodie and loses puck.
12:50 of 2nd period - Shot by Brady Tkachuk.
12:50 of 2nd period - Stopped by Jake Oettinger without a rebound.
12:51 of 2nd period - Charlie Coyle wins face-off versus Roope Hintz in Bruins zone.
13:19 of 2nd period - Shot by Charlie McAvoy.
13:19 of 2nd period - Stopped by Jake Oettinger without a rebound.
13:20 of 2nd period - Jeff Carter wins face-off versus Nick Paul in Bruins zone.
13:23 of 2nd period - Shot by Matthew Tkachuk.
13:23 of 2nd period - Stopped by Jake Oettinger without a rebound.
13:24 of 2nd period - Charlie Coyle wins face-off versus Jeff Carter in Bruins zone.
13:48 of 2nd period - Shot by Owen Power.
13:48 of 2nd period - Stopped by Jake Oettinger without a rebound.
13:49 of 2nd period - Roope Hintz wins face-off versus Charlie Coyle in Bruins zone.
13:50 of 2nd period - Shot by Quinn Hughes.
13:50 of 2nd period - Stopped by Jake Oettinger without a rebound.
13:51 of 2nd period - Jack Hughes wins face-off versus Charlie Coyle in Bruins zone.
13:54 of 2nd period - Shot by Roope Hintz.
13:54 of 2nd period - Stopped by Jake Oettinger without a rebound.
13:55 of 2nd period - Charlie Coyle wins face-off versus Jeff Carter in Bruins zone.
14:12 of 2nd period - Shot by Brady Tkachuk.
14:12 of 2nd period - Shot Misses the Net.
14:38 of 2nd period - Andrew Mangiapane is hit by Owen Power and loses puck.
14:43 of 2nd period - Shot by Bryan Rust.
14:43 of 2nd period - Stopped by Alexandar Georgiev without a rebound.
14:44 of 2nd period - Roope Hintz wins face-off versus Charlie Coyle in Panthers zone.
15:05 of 2nd period - Shot by T.J. Brodie.
15:05 of 2nd period - Shot Misses the Net.
15:44 of 2nd period - Icing by Oliver Ekman-Larsson.
15:45 of 2nd period - Nicolas Roy wins face-off versus Jeff Carter in Panthers zone.
15:46 of 2nd period - Shot by Yegor Sharangovich.
15:46 of 2nd period - Deflect By Nicolas Roy.
15:46 of 2nd period - Shot Blocked by Jeff Carter.
16:00 of 2nd period - Shot by Jamie Benn.
16:00 of 2nd period - Shot Blocked by Yegor Sharangovich.
16:17 of 2nd period - Minor Penalty to Nicolas Roy for Hooking.
16:18 of 2nd period - Roope Hintz wins face-off versus Yegor Sharangovich in Bruins zone.
17:24 of 2nd period - Off-side.
17:25 of 2nd period - Jeff Carter wins face-off versus Nick Paul in neutral zone.
17:32 of 2nd period - Shot by Mike Matheson.
17:32 of 2nd period - Shot Blocked by Jamie Oleksiak.
17:51 of 2nd period - Shot by Mike Matheson.
17:51 of 2nd period - Stopped by Jake Oettinger without a rebound.
17:52 of 2nd period - Roope Hintz wins face-off versus Nick Paul in Bruins zone.
17:57 of 2nd period - Shot by Quinn Hughes.
17:57 of 2nd period - Shot Misses the Net.
17:59 of 2nd period - Shot by Jack Hughes.
17:59 of 2nd period - Stopped by Jake Oettinger without a rebound.
18:00 of 2nd period - Charlie Coyle wins face-off versus Roope Hintz in Bruins zone.
18:00 of 2nd period - Charlie Coyle is hit by Brady Tkachuk.
18:21 of 2nd period - Icing by Andrew Mangiapane.
18:22 of 2nd period - Jeff Carter wins face-off versus Trevor Zegras in Bruins zone.
18:29 of 2nd period - Shot by Reilly Smith.
18:29 of 2nd period - Shot Misses the Net.
18:31 of 2nd period - Shot by Jamie Benn.
18:31 of 2nd period - Shot Blocked by Brady Skjei.
18:33 of 2nd period - Shot by Reilly Smith.
18:33 of 2nd period - Deflect By Jamie Benn.
18:33 of 2nd period - Shot Misses the Net.
18:35 of 2nd period - Shot by Reilly Smith.
18:35 of 2nd period - Stopped by Jake Oettinger with a rebound.
19:02 of 2nd period - Andrew Mangiapane is hit by Owen Power and loses puck.
19:14 of 2nd period - Icing by Brady Skjei.
19:15 of 2nd period - Roope Hintz wins face-off versus Trevor Zegras in Bruins zone.
19:15 of 2nd period - Quinn Hughes is hit by Brady Skjei and loses puck.
19:24 of 2nd period - Shot by Roope Hintz.
19:24 of 2nd period - Stopped by Jake Oettinger without a rebound.
19:25 of 2nd period - Aleksander Barkov wins face-off versus Tom Wilson in Bruins zone.
19:35 of 2nd period - Icing by Mark Giordano.
19:36 of 2nd period - Charlie Coyle wins face-off versus Roope Hintz in Bruins zone.
19:36 of 2nd period - Mark Giordano is hit by Andrei Svechnikov.
19:37 of 2nd period - Minor Penalty to Andrei Svechnikov for High sticking.
19:38 of 2nd period - Tom Wilson wins face-off versus Frederick Gaudreau in Panthers zone.
Goals for this period are 1 for Bruins vs 0 for Panthers.
Shots for this period are 11 for Bruins vs 20 for Panthers.

3rd period


0:01 of 3rd period - Trevor Zegras wins face-off versus Mikael Backlund in neutral zone.
0:26 of 3rd period - T.J. Brodie is hit by Mikael Backlund.
0:38 of 3rd period - Shot by T.J. Brodie.
0:38 of 3rd period - Shot Misses the Net.
0:40 of 3rd period - Shot by Brady Skjei.
0:40 of 3rd period - Stopped by Alexandar Georgiev with a rebound.
0:42 of 3rd period - Shot by T.J. Brodie.
0:42 of 3rd period - Shot Blocked by Owen Power.
1:13 of 3rd period - Brandon Saad is hit by Charlie McAvoy and loses puck.
1:53 of 3rd period - Shot by Matthew Tkachuk.
1:53 of 3rd period - Shot Misses the Net.
1:58 of 3rd period - Matthew Tkachuk is hit by Jamie Oleksiak and loses puck.
2:23 of 3rd period - Off-side.
2:24 of 3rd period - Aleksander Barkov wins face-off versus Nicolas Roy in neutral zone.
2:29 of 3rd period - Shot by Aleksander Barkov.
2:29 of 3rd period - Stopped by Jake Oettinger without a rebound.
2:30 of 3rd period - Aleksander Barkov wins face-off versus Charlie Coyle in Bruins zone.
2:45 of 3rd period - Shot by Aleksander Barkov.
2:45 of 3rd period - Stopped by Jake Oettinger without a rebound.
2:46 of 3rd period - Jeff Carter wins face-off versus Trevor Zegras in Bruins zone.
2:56 of 3rd period - Icing by T.J. Brodie.
2:57 of 3rd period - Roope Hintz wins face-off versus Trevor Zegras in Bruins zone.
3:00 of 3rd period - Shot by Matthew Tkachuk.
3:00 of 3rd period - Stopped by Jake Oettinger with a rebound.
3:12 of 3rd period - Shot by Bryan Rust.
3:12 of 3rd period - Shot Blocked by Matthew Tkachuk.
3:14 of 3rd period - Shot by T.J. Brodie.
3:14 of 3rd period - Stopped by Alexandar Georgiev without a rebound.
3:15 of 3rd period - Charlie Coyle wins face-off versus Aleksander Barkov in Panthers zone.
3:16 of 3rd period - Shot by Brandon Saad.
3:16 of 3rd period - Shot Blocked by Quinn Hughes.
3:22 of 3rd period - Shot by Tom Wilson.
3:22 of 3rd period - Stopped by Alexandar Georgiev without a rebound.
3:23 of 3rd period - Roope Hintz wins face-off versus Charlie Coyle in Panthers zone.
3:44 of 3rd period - Shot by Andrei Svechnikov.
3:44 of 3rd period - Stopped by Jake Oettinger without a rebound.
3:45 of 3rd period - Aleksander Barkov wins face-off versus Nicolas Roy in Bruins zone.
3:47 of 3rd period - Jack Hughes is hit by Mark Giordano and loses puck.
4:21 of 3rd period - Quinn Hughes is hit by T.J. Brodie and loses puck.
4:44 of 3rd period - Shot by Andrei Svechnikov.
4:44 of 3rd period - Shot Misses the Net.
4:47 of 3rd period - Icing by Nicolas Roy.
4:48 of 3rd period - Jeff Carter wins face-off versus Nicolas Roy in Bruins zone.
4:50 of 3rd period - Jamie Benn is hit by Mark Giordano.
5:02 of 3rd period - Minor Penalty to Zach Parise for Roughing.
5:03 of 3rd period - Jeff Carter wins face-off versus Charlie Coyle in Bruins zone.
5:06 of 3rd period - Shot by Jeff Carter.
5:06 of 3rd period - Stopped by Jake Oettinger without a rebound.
5:07 of 3rd period - Charlie Coyle wins face-off versus Jeff Carter in Bruins zone.
5:09 of 3rd period - Jamie Oleksiak is hit by Andrei Svechnikov and loses puck.
5:44 of 3rd period - Nick Paul is hit by Andrei Svechnikov.
6:12 of 3rd period - Shot by Mike Matheson.
6:12 of 3rd period - Stopped by Jake Oettinger with a rebound.
7:00 of 3rd period - Roope Hintz is hit by Yegor Sharangovich and loses puck.
8:04 of 3rd period - Jake Sanderson is hit by Trevor Zegras and loses puck.
8:12 of 3rd period - Icing by Owen Power.
8:13 of 3rd period - Charlie Coyle wins face-off versus Jeff Carter in Panthers zone.
8:46 of 3rd period - Shot by Brett Pesce.
8:46 of 3rd period - Stopped by Alexandar Georgiev without a rebound.
8:47 of 3rd period - Aleksander Barkov wins face-off versus Nicolas Roy in Panthers zone.
8:56 of 3rd period - Shot by Brady Tkachuk.
8:56 of 3rd period - Stopped by Jake Oettinger without a rebound.
8:57 of 3rd period - Roope Hintz wins face-off versus Nicolas Roy in Bruins zone.
9:16 of 3rd period - Shot by Yegor Sharangovich.
9:16 of 3rd period - Stopped by Alexandar Georgiev without a rebound.
9:17 of 3rd period - Aleksander Barkov wins face-off versus Charlie Coyle in Panthers zone.
9:46 of 3rd period - Brandon Saad is hit by Oliver Ekman-Larsson and loses puck.
9:58 of 3rd period - Minor Penalty to Oliver Ekman-Larsson for Holding.
9:59 of 3rd period - Trevor Zegras wins face-off versus Mikael Backlund in Panthers zone.
11:02 of 3rd period - Nicolas Roy is hit by Jake Sanderson.
11:14 of 3rd period - Shot by Andrew Mangiapane.
11:14 of 3rd period - Goal by Andrew Mangiapane - Bruins : 3 - Panthers : 3.
11:15 of 3rd period - Yegor Sharangovich wins face-off versus Roope Hintz in neutral zone.
11:15 of 3rd period - Yegor Sharangovich is hit by Andrei Svechnikov.
11:33 of 3rd period - Shot by Matthew Tkachuk.
11:33 of 3rd period - Stopped by Jake Oettinger without a rebound.
11:34 of 3rd period - Aleksander Barkov wins face-off versus Trevor Zegras in Bruins zone.
11:51 of 3rd period - Trevor Zegras is hit by Brady Tkachuk and loses puck.
12:06 of 3rd period - Shot by Jack Hughes.
12:06 of 3rd period - Shot Misses the Net.
12:44 of 3rd period - Shot by Roope Hintz.
12:44 of 3rd period - Shot Blocked by Nicolas Roy.
12:52 of 3rd period - Shot by Matthew Tkachuk.
12:52 of 3rd period - Deflect By Andrei Svechnikov.
12:52 of 3rd period - Stopped by Jake Oettinger without a rebound.
12:53 of 3rd period - Jeff Carter wins face-off versus Charlie Coyle in Bruins zone.
13:00 of 3rd period - Shot by Jeff Carter.
13:00 of 3rd period - Shot Misses the Net.
13:23 of 3rd period - Minor Penalty to Charlie McAvoy for Hooking.
13:24 of 3rd period - Trevor Zegras wins face-off versus Mikael Backlund in Panthers zone.
14:34 of 3rd period - Shot by Cam Fowler.
14:34 of 3rd period - Shot Misses the Net.
14:36 of 3rd period - Shot by Tom Wilson.
14:36 of 3rd period - Shot Misses the Net.
14:38 of 3rd period - Shot by Nicolas Roy.
14:38 of 3rd period - Stopped by Alexandar Georgiev without a rebound.
14:39 of 3rd period - Jeff Carter wins face-off versus Nicolas Roy in Panthers zone.
15:18 of 3rd period - Brandon Saad is hit by Jeff Carter.
15:29 of 3rd period - Minor Penalty to Andrei Svechnikov for Holding.
15:30 of 3rd period - Mikael Backlund wins face-off versus Trevor Zegras in Panthers zone.
16:58 of 3rd period - Shot by Reilly Smith.
16:58 of 3rd period - Stopped by Jake Oettinger with a rebound.
17:00 of 3rd period - Shot by Jeff Carter.
17:00 of 3rd period - Shot Misses the Net.
17:38 of 3rd period - Shot by Jimmy Vesey.
17:38 of 3rd period - Deflect By Yegor Sharangovich.
17:38 of 3rd period - Goal by Yegor Sharangovich - Bruins : 4 - Panthers : 3.
17:39 of 3rd period - Nicolas Roy wins face-off versus Roope Hintz in neutral zone.
17:39 of 3rd period - Brett Pesce is hit by Andrei Svechnikov and loses puck.
17:52 of 3rd period - Andrei Svechnikov is hit by Jamie Oleksiak and loses puck.
18:10 of 3rd period - Roope Hintz is hit by Jamie Oleksiak and loses puck.
18:52 of 3rd period - Mark Giordano is hit by Brady Tkachuk and loses puck.
19:01 of 3rd period - Panthers, Alexandar Georgiev is pulled from the net.
19:11 of 3rd period - Shot by Aleksander Barkov.
19:11 of 3rd period - Deflect By Jack Hughes.
19:11 of 3rd period - Goal by Jack Hughes - Bruins : 4 - Panthers : 4.
19:11 of 3rd period - Alexandar Georgiev from Panthers was sent back in the game.
19:12 of 3rd period - Andrew Mangiapane wins face-off versus Jeff Carter in neutral zone.
19:29 of 3rd period - Shot by Jamie Benn.
19:29 of 3rd period - Shot Blocked by Bryan Rust.
Goals for this period are 2 for Bruins vs 1 for Panthers.
Shots for this period are 8 for Bruins vs 11 for Panthers.

Overtime #1


0:01 of 1st overtime period - Charlie Coyle wins face-off versus Aleksander Barkov in neutral zone.
0:23 of 1st overtime period - Shot by Trevor Zegras.
0:23 of 1st overtime period - Shot Blocked by Charlie McAvoy.
0:25 of 1st overtime period - Shot by Charlie Coyle.
0:25 of 1st overtime period - Stopped by Alexandar Georgiev without a rebound.
0:26 of 1st overtime period - Aleksander Barkov wins face-off versus Charlie Coyle in Panthers zone.
1:35 of 1st overtime period - Shot by Trevor Zegras.
1:35 of 1st overtime period - Shot Blocked by Charlie McAvoy.
1:37 of 1st overtime period - Shot by Brandon Saad.
1:37 of 1st overtime period - Shot Misses the Net.
1:53 of 1st overtime period - Shot by Brandon Saad.
1:53 of 1st overtime period - Stopped by Alexandar Georgiev without a rebound.
1:54 of 1st overtime period - Jack Hughes wins face-off versus Yegor Sharangovich in Panthers zone.
2:05 of 1st overtime period - Shot by Andrei Svechnikov.
2:05 of 1st overtime period - Deflect By Jack Hughes.
2:05 of 1st overtime period - Goal by Jack Hughes - Bruins : 4 - Panthers : 5.
Goals for this period are 0 for Bruins vs 1 for Panthers.
Shots for this period are 2 for Bruins vs 1 for Panthers.